 Dungeon Crawl Stone Soup version 0.21-a0-153-g78480df (webtiles) character file.

77 tilp the Firebug (level 4, -4/33 HPs)
             Began as a Hill Orc Fire Elementalist on July 30, 2017.
             Slain by a gnoll
             ... wielding a +0 whip
              (8 damage)
             ... on level 3 of the Dungeon on July 31, 2017.
             The game lasted 00:06:05 (1989 turns).

tilp the Firebug (Hill Orc Fire Elementalist)       Turns: 1989, Time: 00:06:06

Health: -4/33      AC:  3    Str: 10    XL:     4   Next: 33%
Magic:  3/7        EV: 11    Int: 16    God:
Gold:   112        SH:  0    Dex: 11    Spells: 1/7 levels left

rFire    . . .     SeeInvis .   a - +0 short sword
rCold    . . .     Gourm    .   (no shield)
rNeg     . . .     Faith    .   k - +0 leather armour {rPois}
rPois    +         Spirit   .   (no helmet)
rElec    .         Reflect  .   (no cloak)
rCorr    .         Harm     .   (no gloves)
MR       .....                  (no boots)
Stlth    +.........             (no amulet)
HPRegen  0.11/turn              (no ring)
MPRegen  0.10/turn              (no ring)

@: lethally poisoned (-4 -> -8)
A: no striking features
a: no special abilities


You were on level 3 of the Dungeon.
You were not hungry.

You visited 1 branch of the dungeon, and saw 3 of its levels.

You collected 112 gold pieces.

Inventory:

Hand Weapons
 a - a +0 short sword (weapon)
Missiles
 h - 66 stones (quivered)
 n - 3 javelins
Armour
 k - a +0 leather armour of poison resistance (worn)
Scrolls
 g - a scroll of enchant weapon {unknown}
 i - a scroll of blinking {unknown}
 l - 2 scrolls of teleportation {unknown}
Potions
 d - 2 potions of lignification {unknown}
 e - a potion of resistance {unknown}
 f - a potion of mutation {unknown}
 j - 2 potions of curing {unknown}
 m - a potion of might {unknown}
Books
 b - a book of Flames

   Spells                             Type                      Level
   a - Flame Tongue                   Conjuration/Fire             1
   b - Throw Flame                    Conjuration/Fire             2
   c - Conjure Flame                  Conjuration/Fire             3
   d - Inner Flame                    Hexes/Fire                   3
   e - Sticky Flame                   Conjuration/Fire             4
   f - Fireball                       Conjuration/Fire             5
Comestibles
 c - 2 bread rations
 p - a chunk of flesh


   Skills:
 - Level 1.5 Dodging
 - Level 1.5 Stealth
 - Level 2.1 Spellcasting
 + Level 3.2 Conjurations
 + Level 3.5 Fire Magic


You had one spell level left.
You knew the following spells:

 Your Spells              Type           Power        Failure   Level  Hunger
a - Flame Tongue          Conj/Fire      ##...        7%          1    #......
b - Throw Flame           Conj/Fire      ##....       11%         2    ###....
c - Conjure Flame         Conj/Fire      ##......     21%         3    ###....


Dungeon Overview and Level Annotations

Branches:
Dungeon (3/15)

Altars:


Message History

You feel a bit more experienced. The gnoll hits you with a whip.
The gnoll hits you from afar with a spear of venom.
You hit the gnoll.
The gnoll is lightly wounded.
The gnoll hits you with a whip.
* * * LOW HITPOINT WARNING * * *
The gnoll closely misses you.
* * * LOW HITPOINT WARNING * * *
You feel sick.
* * * LOW HITPOINT WARNING * * *
You feel sick.
* * * LOW HITPOINT WARNING * * *
You feel sick.
You kill the gnoll!
Casting: Flame Tongue
Confirm with . or Enter, or press ? or * to list all spells.
Aiming: Conjure Flame
Press: ? - help, Dir - move target cursor, p - gnoll The fire ignites!
The gnoll hits you with a whip!
You die...

#.# #.# #.# #.# #.#
#.# #.# #.# #.# #.#
#.# #.# #.# #.# #.#
#.# #@#############.#
#g##............#
#####ยง##.############
#.g.g.##.# #.######.#
..((....#......#
(#....g##.###..#
+(.... #..# #.....
#..#


You could see 2 gnolls.

Vanquished Creatures
  2 gnolls (D:3)
  An adder (D:2)
  2 dart slugs (D:1)
  4 leopard geckos
  6 bats
  5 giant cockroaches
  2 goblins (D:2)
  4 hobgoblins
  8 kobolds
  6 rats
  A plant (D:2)
41 creatures vanquished.

Notes
Turn   | Place    | Note
-------+----------+-------------------------------------------
     0 | D:1      | tilp the Hill Orc Fire Elementalist began the quest for the Orb.
     0 | D:1      | Reached XP level 1. HP: 14/14 MP: 3/3
   269 | D:1      | Reached XP level 2. HP: 18/20 MP: 0/5
  1029 | D:1      | Reached XP level 3. HP: 23/26 MP: 2/6
  1126 | D:1      | Upgraded the game from 0.21-a0-151-ga4fe563 to 0.21-a0-153-g78480df
  1841 | D:2      | Reached XP level 4. HP: 20/33 MP: 4/7
  1849 | D:2      | Learned a level 2 spell: Throw Flame
  1853 | D:2      | Learned a level 3 spell: Conjure Flame
  1989 | D:3      | Slain by a gnoll

Vault maps used:
D:1:      sevenhm_arrival_forest_fort_small_6, minmay_pentomino_v2
D:2:      first_bread, lexackson_kobold_supper

Skill      XL: |  1  2  3 |
---------------+----------+-----
Spellcasting   | 2 |  2.1
Conjurations   | 2 3 |  3.2
Dodging        | |  1.5
Stealth        | |  1.5
Fire Magic     | |  3.5

Action                   |  1- 3 |  4- 6 || total
-------------------------+-------+-------++-------
Melee: Whip              |     6 |       ||     6
       Short sword       |    92 |     1 ||    93
Throw: Javelin           |     2 |     4 ||     6
       Stone             |       |     1 ||     1
 Cast: Flame Tongue      |    30 |     2 ||    32
       Conjure Flame     |       |     1 ||     1
 Stab: Sleeping          |     1 |       ||     1
  Eat: Chunk             |     3 |       ||     3
       Royal jelly       |     1 |       ||     1
Armor: Robe              |     2 |       ||     2
       Leather armour    |    24 |       ||    24
Dodge: Dodged            |    87 |     3 ||    90
